 Dungeon Crawl Stone Soup version 0.31-a0-344-gd109795599 (webtiles) character file.

Game seed: 12991783936293048435

2 RepHenryClay the Sneak (level 1, -9/14 HPs)
             Began as a Kobold Delver on July 21, 2023.
             Mangled by a gnoll
             ... wielding a +0 flail
             ... led by a gnoll bouda
              (12 damage)
             ... on level 4 of the Dungeon.
             The game lasted 00:00:26 (117 turns).

RepHenryClay the Sneak (Kobold Delver)               Turns: 117, Time: 00:00:26

Health: -9/14      AC:  3    Str:  9    XL:     1   Next: 33%
Magic:  1/1        EV: 14    Int: 11    God:
Gold:   32         SH:  0    Dex: 16    Spells: 0/0 levels left

rFire   . . .        a - +0 mace
rCold   . . .        (no shield)
rNeg    . . .        b - +0 leather armour
rPois   .            (no helmet)
rElec   .            (no cloak)
rCorr   .            (no gloves)
SInv    .            (no boots)
Will    .....        (no amulet)
Stlth   ++++         (no ring)
HPRegen 0.22/turn    (no ring)
MPRegen 0.07/turn

%: no passive effects
@: weakened
A: small, no large weapons, nightstalker 3
a: no special abilities


You were on level 4 of the Dungeon.
You visited 1 branch of the dungeon, and saw 2 of its levels.

You collected 32 gold pieces.

Inventory:

Hand Weapons
 a - a +0 mace (weapon)
 i - a +0 flail
Armour
 b - a +0 leather armour (worn)
Wands
 g - a wand of digging (3)
Scrolls
 c - a scroll of fog
 d - a scroll of revelation
 e - a scroll of fear
 h - a scroll of enchant weapon {unknown}
Potions
 f - a potion of haste


   Skills:
 - Level 3.2 Fighting
 + Level 2.0 Maces & Flails
 - Level 2.4 Dodging
 - Level 6.6 Stealth


You couldn't memorise any spells.
You didn't know any spells.
Your spell library was empty.

Dungeon Overview and Level Annotations

Branches:
Dungeon (5/15)
 Temple: D:4-7

Altars:


Innate Abilities, Weirdness & Mutations

You are small and have problems with some larger weapons.
You are completely attuned to the shadows.


Message History

Found 6 gold pieces.
h - a scroll labelled OKUBIH LUHO You now have 6 gold pieces.
An orc comes into view. It is wielding a +0 flail.
Found 12 gold pieces.
The helpless orc fails to defend itself.
You sock the orc!
You kill the orc!
Your Maces & Flails skill increases to level 2!
No target in view!
Things that are here:
a +0 flail; an orc corpse
i - a +0 flail You now have 18 gold pieces (gained 12).
A gnoll comes into view. It is wielding a +0 flail.
Found 8 gold pieces.
There is a stone staircase leading down here.
You now have 32 gold pieces (gained 14).
A gnoll bouda and a gnoll come into view.
Found a stone staircase leading up.
The gnoll bouda shouts!
You hear a shout! x2
The gnoll hits you with a +0 flail!
Ouch! That really hurt!
A gnoll comes into view. It is wielding a +0 whip.
Huge Dmg: -50%(-7hp) hp: 50%(7hp)
The gnoll attacks as you move away! The gnoll barely misses you.
The gnoll bouda gazes fiercely through you!
You feel your attacks grow feeble.
The gnoll bouda gazes fiercely through you!
You feel as though you will be weak longer.
The gnoll bouda barks out a call to the hunt!
The gnoll picks up the pace!
You hear a shout!
The gnoll hits you with a +0 flail.
* * * LOW HITPOINT WARNING * * *
Huge Dmg: -43%(-6hp) hp: 22%(3hp)
The gnoll attacks as you move away! The gnoll closely misses you.
The gnoll attacks as you move away! The gnoll hits you with a +0 flail!
Ouch! That really hurt!
You die...

...### #.#.... ..
#.#...###.$. ##.#
#.#......... #..#
##.#........#
#######.######..g........#
#.........>.@g...........##
#######.####.#............g
#.# #..#........##..g
##.###.##†.......# #.
#..##..##........#
#####.##..###........#
##...#....## #..........
##..........###########...
#............# ...


You could see a gnoll bouda and a gnoll (swift).

Vanquished Creatures
  An orc (D:4)
1 creature vanquished.

Notes
Turn   | Place    | Note
-------+----------+-------------------------------------------
     0 | D:5      | RepHenryClay the Kobold Delver began the quest for the Orb.
     0 | D:5      | Reached XP level 1. HP: 14/14 MP: 1/1
   106 | D:4      | Noticed a gnoll bouda
   117 | D:4      | Mangled by a gnoll

Illustrated notes

Levels and vault maps discovered:
D:4:      layout_rooms, temple_doors_e, uniq_ijyb
D:5:      layout_loops_ring

Skill      XL: |  1 |
---------------+----+-----
Maces & Flails | 2 |  2.0
Fighting       | |  3.2
Dodging        | |  2.4
Stealth        | |  6.6

Action                     || total
---------------------------++-------
  Melee: Mace              ||     1
   Stab: Sleeping          ||     1
  Dodge: Dodged            ||     2

Table legend: (Time is in decaauts)
 A = Elapsed time spent in this place.
 B = Non-inter-level travel time spent in this place.
 C = Inter-level travel time spent in this place.
 D = Time resting spent in this place.
 E = Time spent auto-exploring this place.
 F = Levels seen in this place.
 G = Mean time per level.
                   A        B        C        D        E       F      G
               +--------+--------+--------+--------+--------+-----+--------+
         Total |    117 |    117 |      0 |      0 |     47 |   2 |   58.5 |
       Dungeon |    117 |    117 |      0 |      0 |     47 |   2 |   58.5 |
               +--------+--------+--------+--------+--------+-----+--------+

Top non-repeatable levels by time:
     D:4: 110 daAuts
     D:5: 7 daAuts
